 Dungeon Crawl Stone Soup version 0.25-a0-55-g0753fd1ad2 (webtiles) character file.

Game seed: 987871478848462366, levelgen mode: deterministic

1012 Ruokin the Poker (level 8, -3/62 HPs)
             Began as a Human Monk on Oct 24, 2019.
             Splashed by a jelly's acid (9 damage)
             ... on level 5 of the Dungeon on Oct 25, 2019.
             The game lasted 00:31:08 (4835 turns).

Ruokin the Poker (Human Monk)                       Turns: 4835, Time: 00:31:10

Health: -3/62      AC: -1    Str: 14    XL:     8   Next: 45%
Magic:  8/8        EV:  7    Int: 11    God:
Gold:   112        SH: 12    Dex: 15    Spells: 7/7 levels left

rFire    . . .     SeeInvis .   a - +1 spear
rCold    . . .     Gourm    .   C - +2 large shield {rN+}
rNeg     + . .     Faith    .   h - +1 ring mail
rPois    .         Spirit   .   g - +1 hat
rElec    .         Reflect  .   p - +0 cloak
rCorr    .         Harm     .   (no gloves)
MR       .....                  (no boots)
Stlth    +.........             A - amulet of the acrobat
HPRegen  0.20/turn              d - +4 ring of slaying
MPRegen  0.11/turn              y - +2 ring of protection

@: corroded
A: no striking features
a: no special abilities


You were on level 5 of the Dungeon.
You were not hungry.

You visited 1 branch of the dungeon, and saw 5 of its levels.

You collected 315 gold pieces.
You spent 203 gold pieces at shops.

Inventory:

Hand Weapons
 a - a +1 spear (weapon)
Armour
 b - a +0 robe
 g - a +1 hat (worn)
 h - a +1 ring mail (worn)
 p - a +0 cloak (worn)
 C - a +2 large shield of positive energy (worn)
Jewellery
 d - a +4 ring of slaying (left hand)
 y - a +2 ring of protection (right hand)
 A - an amulet of the acrobat (around neck)
Wands
 t - a wand of polymorph (6)
Scrolls
 c - 2 scrolls of magic mapping
 e - a scroll of immolation
 f - a scroll of teleportation
 i - a scroll of fog {unknown}
 j - a scroll of enchant armour
 m - 2 scrolls of blinking
 v - a scroll of amnesia {unknown}
 w - 4 scrolls of remove curse
 x - a scroll of fear {unknown}
 z - a scroll of enchant weapon
Potions
 k - 2 potions of curing
 l - a potion of might {unknown}
 o - 2 potions of mutation
 q - a potion of flight {unknown}
 r - 3 potions of brilliance {unknown}
 s - 2 potions of haste
 u - a potion of degeneration {unknown}
 B - a potion of heal wounds {unknown}
Comestibles
 n - 4 rations


   Skills:
 * Level 5.1 Fighting
 * Level 7.8 Polearms
 + Level 3.1 Armour
 + Level 3.6 Dodging
 - Level 2.0 Stealth
 * Level 0.1 Shields


You had 7 spell levels left.
You didn't know any spells.
Your spell library contained the following spells:

 Spells                   Type           Power        Failure   Level  Hunger
 Apportation              Tloc           #.....       100%        1    ##.....
 Shock                    Conj/Air       #...         100%        1    ##.....
 Blink                    Tloc           N/A          100%        2    ###....
 Deflect Missiles         Chrm/Air       #.........   100%        6    #######
 Tornado                  Air            #.........   100%        9    #######


Dungeon Overview and Level Annotations

Branches:
Dungeon (5/15)
 Temple: D:4-7

Altars:
Cheibriados
Fedhas
Hepliaklqana
Ru
Trog
Vehumet
Wu Jian

Shops:
D:5 [

Annotations:
D:4 4 runed translucent doors
D:5 Prince Ribbit


Message History

You hit the jelly.
Your hands burn!
The jelly is severely wounded.
The jelly hits you.
You are splashed with acid!
You hit the jelly but do no damage. The acid corrodes you!
Your hands burn!
The jelly is severely wounded.
You block the jelly's attack.
You hit the jelly but do no damage.
Your hands burn!
The jelly is severely wounded.
Prince Ribbit blinks!
You hit the jelly but do no damage. The acid corrodes you!
Your hands burn!
The jelly is severely wounded.
The jelly hits you.
You are splashed with acid!
* * * LOW HITPOINT WARNING * * *
You hit the jelly.
Your hands burn!
* * * LOW HITPOINT WARNING * * *
The jelly is almost dead.
The jelly hits you.
* * * LOW HITPOINT WARNING * * *
You are splashed with acid!
You die...

....#......#
....#......#
...........##
).......#...# #
).......#.#.# ..
..#'#.....#.# #.#
..#.#######.#
...#. ..#....#
#.######......
..####.#
#.....@J.ยง....
....
#.......#####....
.#### #.......# .
.... ..........#
.... ......%....
#### .##.......##
#.......#
#.......#


You could see a jelly.

Vanquished Creatures
  A troll (D:4)
  A sky beast (D:5)
  A phantom (D:4)
  A centaur (D:5)
  A water moccasin skeleton (D:4)
  A wight (D:4)
  2 hounds
  A centaur skeleton (D:5)
  Natasha (twice) (D:2)
  An orc wizard (D:5)
  3 worker ants
  A hound zombie (D:5)
  A hound skeleton (D:4)
  3 gnolls (D:2)
  7 adders
  2 oozes
  2 worms (D:3)
  4 leopard geckos
  13 orcs
  3 ball pythons
  7 bats
  2 giant cockroaches
  6 goblins
  3 hobgoblins (D:3)
  A quokka (D:2)
  6 frilled lizards
  A giant cockroach zombie (D:5)
  5 kobolds
  5 rats
87 creatures vanquished.

Notes
Turn   | Place    | Note
-------+----------+-------------------------------------------
     0 | D:1      | Ruokin the Human Monk began the quest for the Orb.
     0 | D:1      | Reached XP level 1. HP: 18/18 MP: 1/1
   156 | D:1      | Reached XP level 2. HP: 7/24 MP: 2/2
   698 | D:1      | Reached XP level 3. HP: 29/29 MP: 3/3
  1157 | D:2      | Reached skill level 4 in Polearms
  1157 | D:2      | Reached XP level 4. HP: 8/35 MP: 4/4
  1545 | D:2      | Found a blossoming altar of Fedhas.
  1546 | D:2      | Found a radiant altar of Vehumet.
  1748 | D:2      | Found a hazy altar of Hepliaklqana.
  1755 | D:2      | Noticed Natasha
  1759 | D:2      | Killed Natasha
  1759 | D:2      | Reached XP level 5. HP: 41/42 MP: 5/5
  1884 | D:2      | Noticed Natasha
  1890 | D:2      | Killed Natasha
  1890 | D:2      | Reached skill level 1 in Armour
  1960 | D:2      | Found a snail-covered altar of Cheibriados.
  2367 | D:3      | Found a sacrificial altar of Ru.
  2555 | D:3      | Reached skill level 5 in Polearms
  2942 | D:4      | Reached XP level 6. HP: 32/48 MP: 6/6
  3076 | D:4      | Noticed a phantom
  3078 | D:4      | Found a large runed translucent door.
  3078 | D:4      | Found a large runed translucent door.
  3090 | D:4      | Found a large runed translucent door.
  3090 | D:4      | Found a large runed translucent door.
  3124 | D:4      | Killed a phantom
  3196 | D:4      | Reached skill level 6 in Polearms
  3196 | D:4      | Reached XP level 7. HP: 13/54 MP: 7/7
  3244 | D:4      | Noticed a troll
  3488 | D:4      | Killed a troll
  3799 | D:4      | Identified Lotwed's Papyrus of the Cloudy Traveller
  3903 | D:4      | Found a bloodstained altar of Trog.
  3945 | D:4      | Found an ornate altar of the Wu Jian Council.
  4188 | D:4      | Reached skill level 7 in Polearms
  4385 | D:5      | Entered Level 5 of the Dungeon
  4393 | D:5      | Reached XP level 8. HP: 59/61 MP: 8/8
  4665 | D:5      | Found Festrarre's Armour Shop.
  4722 | D:5      | Reached skill level 5 in Fighting
  4757 | D:5      | Bought a +2 large shield of positive energy for 203 gold
                  | pieces
  4802 | D:5      | Noticed Prince Ribbit
  4835 | D:5      | Splashed by a jelly's acid

Levels and vault maps discovered:
D:1:      roderic_crop_circles_arrival_small, layout_loops_ring,
          hangedman_abyss_or_decor_lesser_grid
D:2:      layout_loops_ring, nicolae_overflow_hidden_temple,
          nicolae_overflow_crystal_walls, uniq_natasha
D:3:      layout_loops_ring, nicolae_ru_awakened_eye
D:4:      layout_loops_cross, marbit_many_paths, kennysheep_mini_moat,
          minmay_hollow_rounded_squares
D:5:      lemuel_insect_pit, layout_basic, serial_shops,
          nicolae_shop_behind_doors, first_ration, uniq_menkaure,
          uniq_prince_ribbit1

Table legend:
 A = Non-vault XP
 B = Vault XP
 C = Vault XP percentage of total XP
 D = Non-vault monster count
 E = Vault monster count
 F = Vault count percentage of total count
                 A         B        C        D         E       F
            +---------+---------+-------+---------+---------+-------
      Total |     986 |     461 |  31.9 |      76 |      11 |  12.6
            +---------+---------+-------+---------+---------+-------
        D:1 |      29 |       0 |   0.0 |      15 |       0 |   0.0
        D:2 |     122 |      35 |  22.3 |      15 |       1 |   6.2
        D:3 |      77 |       0 |   0.0 |      24 |       0 |   0.0
        D:4 |     301 |     426 |  58.6 |       6 |      10 |  62.5
        D:5 |     457 |       0 |   0.0 |      16 |       0 |   0.0
            +---------+---------+-------+---------+---------+-------
